 Dungeon Crawl Stone Soup version 0.31.0-11-ge490571c62 (webtiles) character file.

Game seed: 6020671287421650953

147 Aviak the Firebug (level 5, -5/35 HPs)
             Began as a Demonspawn Fire Elementalist on Jan 26, 2024.
             Killed from afar by an oklob sapling (29 damage)
             ... with a splash of acid
             ... on level 4 of the Dungeon.
             The game lasted 00:04:47 (2806 turns).

Aviak the Firebug (Demonspawn Fire Elementalist)    Turns: 2806, Time: 00:04:48

Health: -5/35      AC:  2    Str:  9    XL:     5   Next: 7%
Magic:  2/9        EV: 13    Int: 17    God:
Gold:   140        SH:  0    Dex: 13    Spells: 7/10 levels left

rFire   . . .        i - +2 short sword (venom)
rCold   . . .        (no shield)
rNeg    + . .        a - +0 robe
rPois   .            (helmet restricted)
rElec   .            (no cloak)
rCorr   .            (no gloves)
SInv    .            (no boots)
Will    .....        (no amulet)
Stlth   ++           j - ring of positive energy
HPRegen 0.25/turn    (no ring)
MPRegen 0.11/turn

%: no passive effects
@: no status effects
A: horns 1
a: no special abilities


You were on level 4 of the Dungeon.
You visited 1 branch of the dungeon, and saw 4 of its levels.

You collected 140 gold pieces.

Inventory:

Hand Weapons
 i - a +2 short sword of venom (weapon)
Armour
 a - a +0 robe (worn)
Jewellery
 j - a ring of positive energy (left hand)
 l - an amulet of magic regeneration
Scrolls
 e - 2 scrolls of identify {unknown}
 f - a scroll of vulnerability {unknown}
 g - a scroll of fog {unknown}
Potions
 b - a potion of magic
 c - a potion of resistance {unknown}
 d - a potion of degeneration {unknown}
 h - a potion of haste {unknown}
 k - a potion of curing {unknown}


   Skills:
 + Level 3.3 Dodging
 - Level 1.7 Stealth
 - Level 3.0 Spellcasting
 - Level 1.0 Conjurations
 + Level 3.8 Fire Magic


You had 7 spell levels left.
You knew the following spells:

 Your Spells              Type           Power      Damage    Failure   Level
a - Foxfire               Conj/Fire      40%        2x1d6     7%          1
b - Scorch                Fire           30%        2d6       5%          2

Your spell library contained the following spells:

 Spells                   Type           Power      Damage    Failure   Level
 Slow                     Hex            8%         N/A       17%         1
 Inner Flame              Hex/Fire       9%         N/A       24%         3
 Volatile Blastmotes      Fire/Tloc      18%        2d11      24%         3
 Lesser Beckoning         Tloc           4%         N/A       26%         2
 Confusing Touch          Hex            2%         N/A       45%         3
 Gell's Gravitas          Tloc           2%         N/A       45%         3
 Sigil of Binding         Hex            2%         N/A       45%         3
 Teleport Other           Tloc           2%         N/A       45%         3
 Vampiric Draining        Necr           2%         2d6       45%         3
 Flame Wave               Conj/Fire      10%        2d6       54%         4
 Dispersal                Tloc           1%         N/A       100%        6


Dungeon Overview and Level Annotations

Branches:
Dungeon (4/15)             Temple (0/1) D:4

Altars:
Makhleb
Sif Muna

Annotations:
D:3 1 runed translucent door, Amaterasu's ghost, amateur MiFi
D:4 exclusion: oklob sapling


Innate Abilities, Weirdness & Mutations

You have a pair of small horns on your head.


Message History

A quokka comes into view.
A quokka is nearby!
Flames lash the quokka.
You kill the quokka!
No target in view!
Found an escape hatch in the floor.
As you open the door, it creaks loudly!
There is an open door here.
An oklob sapling comes into view.
Found 4 stones.
Found a staircase to the Ecumenical Temple.
Marking area around an oklob sapling as unsafe for travelling.
Unknown command.
Found a scroll labelled FERHUDWIEDD.
Flames lash the oklob sapling but do no damage.
You miscast Scorch.
You are very lightly contaminated with residual magic.
Nothing appears to happen.
Flames lash the oklob sapling but do no damage.
Flames lash the oklob sapling but do no damage.
You hit the plant.
The plant begins to die.
The plant is lightly damaged.
You hit the plant.
The plant begins to die.
You headbutt the plant, but do no damage.
The plant is lightly damaged.
You hit the plant.
The plant begins to die.
The plant is lightly damaged.
You hit the plant.
The plant begins to die.
You headbutt the plant.
The plant is lightly damaged.
A nearby plant withers and dies.
Your magical contamination has completely faded away.
You hit the plant.
The plant begins to die.
The plant is lightly damaged.
A nearby plant withers and dies. x2
The oklob sapling spits acid at you. The splash of acid hits you!
The oklob sapling spits acid at you. The splash of acid hits you!!
Ouch! That really hurt!
You die...

.##+##.........#.
.##..'..............?....
.....#.........#.........
####.#.......>.#.P..P.P..
####.#............PPPP...
#................PP..P...
#................P.>PPP..
#..............$P..PP.P#.
#......##.......@..PPP...
#......##.....#..P.PP..#.
#......##.....#.....####
......[.#..............
........#...........(...
........#.....$..........
........#................
#....###................#
#..............######


You could see an oklob sapling.

Vanquished Creatures
  An iguana (D:4)
  Jessica (D:3)
  An orc wizard (D:3)
  An adder (D:2)
  A ribbon worm (D:2)
  3 dart slugs
  5 orcs
  2 ball pythons
  10 endoplasms
  2 goblins
  4 hobgoblins
  2 quokkas
  3 bats
  2 frilled lizards
  3 kobolds
  4 rats
45 creatures vanquished.

Vanquished Creatures (others)
  84 foxfires
84 creatures vanquished.

Grand Total: 129 creatures vanquished

Notes
Turn   | Place    | Note
-------+----------+-------------------------------------------
     0 | D:1      | Aviak the Demonspawn Fire Elementalist began the quest for
                  | the Orb.
     0 | D:1      | Reached XP level 1. HP: 13/13 MP: 3/3
   323 | D:1      | You fall into a shaft and drop 1 floor!
   349 | D:2      | Gained mutation: You have a pair of small horns on your
                  | head. [demonic ancestry]
   349 | D:2      | Reached XP level 2. HP: 8/19 MP: 0/5
  1166 | D:2      | Reached XP level 3. HP: 18/24 MP: 0/6
  1171 | D:2      | Learned a level 2 spell: Scorch
  1582 | D:3      | Found a burning altar of Makhleb.
  1785 | D:3      | Reached XP level 4. HP: 30/30 MP: 2/8
  2173 | D:3      | Noticed Jessica
  2178 | D:3      | Killed Jessica
  2360 | D:3      | Found a runed translucent door.
  2360 | D:3      | Noticed Amaterasu's ghost (amateur MiFi)
  2538 | D:3      | Found a shimmering blue altar of Sif Muna.
  2607 | D:4      | Reached XP level 5. HP: 32/35 MP: 0/9
  2789 | D:4      | Found a staircase to the Ecumenical Temple.
  2806 | D:4      | Killed from afar by an oklob sapling

Illustrated notes

Levels and vault maps discovered:
D:1:      dpeg_arrival_simpleton_c, layout_basic
D:2:      layout_rooms, minivault_11, minmay_misc_feat_square,
          minmay_misc_feat_rows, kennysheep_minor_cross
D:3:      layout_basic, tgw_sif, bloody_makhleb, gammafunk_ghost_grave,
          minivault_4, bh_walls_and_bars
D:4:      layout_basic, lemuel_tele_altar, minmay_temple_entry_oklob,
          uniq_edmund

Skill      XL: |  1  2  3  4 |
---------------+-------------+-----
Dodging        | 2 3 |  3.3
Fire Magic     | 3 |  3.8
Spellcasting   | 3 |  3.0
Stealth        | |  1.7
Conjurations   | |  1.0

Action                     |  1- 3 |  4- 6 || total
---------------------------+-------+-------++-------
  Melee: Trident           |    12 |       ||    12
         Whip              |     1 |       ||     1
         Unarmed           |     1 |       ||     1
         Short sword       |    25 |    19 ||    44
         Headbutt          |     5 |     4 ||     9
   Cast: Foxfire           |    37 |    15 ||    52
         Scorch            |     2 |    12 ||    14
    Use: Potion            |     2 |       ||     2
   Stab: Sleeping          |     3 |       ||     3
 Armour: Robe              |    28 |     8 ||    36
  Dodge: Dodged            |    20 |     8 ||    28
